 Dungeon Crawl Stone Soup version 0.24-a0-784-g601f8f6d22 (webtiles) character file.

Game seed: 3570255583710704421, levelgen mode: deterministic

618475 Johnny the Metallomancer (level 25, -6/216 HPs)
             Began as a Demigod Earth Elementalist on Oct 9, 2019.
             Mangled by an acid blob (15 damage)
             ... on level 15 of a ziggurat.
             The game lasted 03:05:35 (72493 turns).

Johnny the Metallomancer (DgEE)                    Turns: 72493, Time: 03:05:36

Health: -6/216     AC: 12    Str: 11    XL:     25   Next: 64%
Magic:  3/50       EV: 42    Int: 46    God:
Gold:   5169       SH:  0    Dex: 24    Spells: 0/57 levels left

rFire    + . .     SeeInvis +   I - +5 hand axe of Dishonesty {freeze, rN+ Int+8 Dex-2 SInv}
rCold    + . .     Gourm    .   (no shield)
rNeg     + . .     Faith    .   E - +2 robe {Archmagi}
rPois    +         Spirit   .   G - +2 helmet {Int+3}
rElec    .         Reflect  .   U - scarf {rC+ rF+}
rCorr    .         Harm     .   X - +2 pair of gloves {Dex+3}
MR       +++..                  Z - +0 pair of boots
Stlth    +++.......             o - amulet of the acrobat
HPRegen  0.46/turn              B - ring of Phasing {EV+8}
MPRegen  0.32/turn              x - ring "Rumnoila" {rPois MR+}

@: agile, very slightly contaminated, studying Fighting
A: agile 1, high mp 1, mutation resistance 1
}: 3/15 runes: decaying, silver, gossamer
a: no special abilities


You were on level 15 of a ziggurat.
You were not hungry.

You visited 8 branches of the dungeon, and saw 42 of its levels.
You visited the Abyss 1 time.
You visited 1 ziggurat, and saw 15 of its levels.

You collected 8505 gold pieces.
You spent 3336 gold pieces at shops.

Inventory:

Hand Weapons
 I - the +5 hand axe of Dishonesty (weapon) {freeze, rN+ Int+8 Dex-2 SInv}
   (You found it on level 7 of the Dungeon)

   It has been specially enchanted to freeze those struck by it, causing extra
   injury to most foes and up to half again as much damage against particularly
   susceptible opponents.
   It can also slow down cold-blooded creatures.
   It affects your intelligence (+8).
   It affects your dexterity (-2).
   It protects you from negative energy.
   It lets you see invisible.
Missiles
 b - 388 stones (quivered)
Armour
 l - a +4 troll leather armour
 E - a +2 robe of the Archmagi (worn)
 G - a +2 helmet of intelligence (worn)
 U - a scarf of resistance (worn)
 X - a +2 pair of gloves of dexterity (worn)
 Z - a +0 pair of boots (worn)
Magical Staves
 t - a cursed staff of energy
 z - an uncursed staff of power
 O - an uncursed staff of earth
 W - an uncursed staff of wizardry
Jewellery
 o - an amulet of the acrobat (around neck)
 x - the ring "Rumnoila" (right hand) {rPois MR+}
   (You took it off a deep elf high priest on level 3 of the Elven Halls)

   [ring of protection from magic]

   It protects you from poison.
   It affects your resistance to hostile enchantments.
 A - the ring "Gagorol" {Wiz rF+}
   (You took it off an orc knight on level 5 of the Vaults)

   [ring of wizardry]

   It improves your spell success rate.
   It protects you from fire.
 B - the ring of Phasing (left hand) {EV+8}
   (You took it off a deep elf demonologist on level 3 of the Elven Halls)

   [ring of evasion]

   It affects your evasion (+8).
 H - the ring of Fehiw {rC- Int+7 Stlth+}
   (You found it on level 9 of the Dungeon)

   [ring of stealth]

   It affects your intelligence (+7).
   It makes you vulnerable to cold.
   It makes you more stealthy.
 Y - an uncursed amulet of magic regeneration
Wands
 c - a wand of iceblast (6)
 p - a wand of clouds (5)
 y - a wand of digging (6)
Scrolls
 e - 11 scrolls of immolation
 h - 4 scrolls of enchant armour
 j - 11 scrolls of teleportation
 k - 26 scrolls of remove curse
 m - 10 scrolls of magic mapping
 n - 8 scrolls of fog
 u - 5 scrolls of identify
 D - 2 scrolls of torment
 M - a scroll of vulnerability
 V - 5 scrolls of fear
Potions
 a - 15 potions of curing
 f - 4 potions of lignification
 g - 4 potions of agility
 q - 3 potions of berserk rage
 J - 5 potions of cancellation
 K - 15 potions of mutation
 L - 2 potions of resistance
 N - a potion of invisibility
 P - 4 potions of flight
 Q - 5 potions of brilliance
Books
 T - a manual of Fighting
Miscellaneous
 i - a box of beasts
 r - 3 sacks of spiders
 w - 4 phantom mirrors
 C - a lamp of fire
 R - a lightning rod (4/4)
Comestibles
 d - 22 rations


   Skills:
 + Level 16.3 Fighting
 - Level 4.7 Armour
 - Level 16.7 Dodging
 - Level 1.7 Stealth
 + Level 16.9 Spellcasting
 - Level 16.3 Hexes
 - Level 6.4 Necromancy
 + Level 4.4 Translocations
 - Level 0.8 Transmutations
 * Level 22.9 Earth Magic


You couldn't memorise any spells.
You knew the following spells:

 Your Spells              Type           Power        Failure   Level  Hunger
a - Sandblast             Erth           ######       0%          1    None
b - Stone Arrow           Conj/Erth      ######       0%          3    None
c - Lee's Rapid Deconstr  Erth           #########.   0%          5    None
d - Petrify               Tmut/Erth      ########     1%          4    None
e - Blink                 Tloc           N/A          1%          2    None
f - Shatter               Erth           #########.   4%          9    #####..
g - Discord               Hex            ########..   4%          8    ###....
h - Apportation           Tloc           ######       1%          1    None
i - Statue Form           Tmut/Erth      ########.    1%          6    None
j - Leda's Liquefaction   Hex/Erth       ########..   0%          4    None
k - Iron Shot             Conj/Erth      ########..   1%          6    None
l - Death Channel         Necr           #######...   6%          6    None
v - Sublimation of Blood  Necr           #######...   1%          2    None

Your spell library contained the following spells:

 Spells                   Type           Power        Failure   Level  Hunger
 Confusing Touch          Hex            ######       0%          1    None
 Corona                   Hex            #######      0%          1    None
 Passwall                 Tmut/Erth      ########     0%          2    None
 Slow                     Hex            ########     0%          2    None
 Confuse                  Hex            ########     0%          3    None
 Tukima's Dance           Hex            ########     0%          3    None
 Cause Fear               Hex            ########..   0%          4    None
 Animate Skeleton         Necr           N/A          1%          1    None
 Beastly Appendage        Tmut           ######       1%          1    None
 Flame Tongue             Conj/Fire      #####        1%          1    None
 Freeze                   Ice            ####         1%          1    None
 Magic Dart               Conj           ####         1%          1    None
 Pain                     Necr           ####         1%          1    None
 Shock                    Conj/Air       ####         1%          1    None
 Summon Butterflies       Summ           ######..     1%          1    None
 Summon Small Mammal      Summ           ####         1%          1    None
 Call Imp                 Summ           ######..     1%          2    None
 Corpse Rot               Necr           N/A          1%          2    None
 Ensorcelled Hibernation  Hex/Ice        ######       1%          2    None
 Poisonous Vapours        Pois/Air       ######       1%          2    None
 Shroud of Golubria       Chrm/Tloc      ######       1%          2    None
 Sticks to Snakes         Tmut           ######..     1%          2    None
 Swiftness                Chrm/Air       ######..     1%          2    None
 Throw Frost              Conj/Ice       ######       1%          2    None
 Call Canine Familiar     Summ           ######..     1%          3    None
 Conjure Flame            Conj/Fire      ######..     1%          3    None
 Dazzling Spray           Conj/Hex       ######       1%          3    None
 Gell's Gravitas          Tloc           #######...   1%          3    None
 Inner Flame              Hex/Fire       ########     1%          3    None
 Lesser Beckoning         Tloc           #######...   1%          3    None
 Mephitic Cloud           Conj/Pois/Air  ######..     1%          3    None
 Ozocubu's Armour         Chrm/Ice       ######..     1%          3    None
 Portal Projectile        Hex/Tloc       ######       1%          3    None
 Recall                   Summ/Tloc      N/A          1%          3    None
 Regeneration             Chrm/Necr      #######...   1%          3    None
 Spectral Weapon          Hex/Chrm       ########     1%          3    None
 Spider Form              Tmut/Pois      ######....   1%          3    None
 Static Discharge         Conj/Air       ######..     1%          3    None
 Summon Guardian Golem    Hex/Summ       ########     1%          3    None
 Teleport Other           Tloc           #######.     1%          3    None
 Vampiric Draining        Necr           #######...   1%          3    None
 Animate Dead             Necr           N/A          1%          4    None
 Passage of Golubria      Tloc           N/A          1%          4    None
 Agony                    Necr           #######.     1%          5    None
 Borgnjor's Vile Clutch   Necr/Erth      ########..   1%          5    None
 Dispel Undead            Necr           #######.     1%          5    None
 Metabolic Englaciation   Hex/Ice        ########..   1%          5    None
 Silence                  Hex/Air        ########..   1%          5    None
 Summon Mana Viper        Hex/Summ       ########     1%          5    None
 Yara's Violent Unravell  Hex/Tmut       ########..   1%          5    None
 Darkness                 Hex            ########..   1%          6    None
 Invisibility             Hex            ########     1%          6    None
 Force Lance              Conj/Tloc      ######..     2%          4    None
 Ice Form                 Ice/Tmut       ######..     4%          4    None
 Bolt of Draining         Conj/Necr      #######...   4%          5    None
 Excruciating Wounds      Chrm/Necr      #######...   4%          5    None
 Airstrike                Air            ######....   6%          4    None
 Iskenderun's Mystic Bla  Conj           ######..     6%          4    None
 Summon Ice Beast         Ice/Summ       ######..     6%          4    None
 Summon Lightning Spire   Summ/Air       ######..     6%          4    None
 Throw Icicle             Conj/Ice       ######..     6%          4    None
 Summon Forest            Summ/Tloc      ######....   6%          5    None
 Blade Hands              Tmut           ######....   11%         5    None
 Alistair's Intoxication  Tmut/Pois      ######..     13%         5    None
 Irradiate                Conj/Tmut      ######....   13%         5    None
 Aura of Abjuration       Summ           ######....   16%         5    None
 Lightning Bolt           Conj/Air       ######....   16%         5    None
 Summon Demon             Summ           ######....   16%         5    None
 Lehudib's Crystal Spear  Conj/Erth      ########..   34%         8    ###....
 Hydra Form               Tmut           ######....   52%         6    None
 Bolt of Fire             Conj/Fire      ######....   65%         6    None
 Deflect Missiles         Chrm/Air       ######....   65%         6    None
 Freezing Cloud           Conj/Ice/Air   ######....   65%         6    None
 Ozocubu's Refrigeration  Ice            ######....   65%         6    None
 Poison Arrow             Conj/Pois      ######....   65%         6    None
 Shadow Creatures         Summ           N/A          65%         6    None
 Haunt                    Necr/Summ      #######...   78%         7    None
 Malign Gateway           Summ/Tloc      ######....   89%         7    None
 Borgnjor's Revivificati  Necr           #######...   95%         8    ###....
 Infestation              Necr           #######...   95%         8    ###....
 Dragon Form              Tmut           ######....   98%         7    None
 Ring of Flames           Chrm/Fire      ######....   99%         7    None
 Spellforged Servitor     Conj/Summ      ######....   99%         7    None
 Chain Lightning          Conj/Air       ######....   100%        8    ###....
 Death's Door             Chrm/Necr      #######...   100%        8    ###....
 Necromutation            Tmut/Necr      #######...   100%        8    ###....
 Dragon's Call            Summ           ######....   100%        9    #####..
 Fire Storm               Conj/Fire      ######....   100%        9    #####..
 Glaciate                 Conj/Ice       ######....   100%        9    #####..


Dungeon Overview and Level Annotations

Branches:
Dungeon (15/15)            Temple (0/1) D:4            Lair (6/6) D:8
  Swamp (4/4) Lair:4       Spider (4/4) Lair:2        Slime (0/5) Lair:5
    Orc (2/2) D:9             Elf (3/3) Orc:2        Vaults (5/5) D:13
  Crypt (0/3) Vaults:3     Depths (3/5) D:15

Shops:
D:4 %   D:5 %   D:8 [   D:9 =   D:10 (   D:11 !   D:15 ?   Orc:2 =!}?
Vaults:1 ([*:}   Vaults:3 [

Portals:
Hell: Depths:1 Depths:2
Pandemonium: Depths:1

Annotations:
Elf:1 6 runed translucent doors
Vaults:3 exclusion: player ghost


Innate Abilities, Weirdness & Mutations

You have an increased reservoir of magic. (+10% MP)
You are agile. (Dex +2)
You are somewhat resistant to further mutation.


Message History

The azure jelly misses you.
The azure jelly hits you but does no damage.
The azure jelly misses you. The azure jelly barely misses you.
The azure jelly completely misses you.
Casting: Blink (safe; 1% risk of failure)
Confirm with . or Enter, or press ? or * to list all spells.
You feel a surge of power!
You miscast Shatter.
You are very lightly contaminated with residual magic.
You hear a distant rumble.
The acid blob hits you!!
* * * LOW HITPOINT WARNING * * *
You are splashed with acid.
* * * LOW HITPOINT WARNING * * *
The azure jelly completely misses you. x2; The azure jelly hits you.
* * * LOW HITPOINT WARNING * * *
The azure jelly completely misses you. x3; The azure jelly misses you.
The azure jelly hits you.
* * * LOW HITPOINT WARNING * * *
The acid blob hits you!
You die...

▓▓▓▓▓▓▓▓▓▓
▓.........
▓.........
▓.........
▓.........
▓▓▓▓▓▓▓▓▓.........
▓.§§§§.§§.........
▓JJ§§§§§..........
▓@J§§§§§..........
▓§§§§§.§.....J....
▓§§§§........J....
▓∩..........J....J
▓.................
▓.................
▓.................
▓.................
▓.................


You could see an acid blob and 2 azure jellies.

Vanquished Creatures
  An ancient lich (Zig:11)
  A juggernaut (Zig:14)
  Mara (Spider:3)
  Sojobo (Vaults:2)
  Saint Roka (Vaults:2)
  Frederick (Vaults:2)
  The ghost of Ecihucs the Metallomancer, an adept GrEE of Vehumet (Vaults:3)
  A caustic shrike (Depths:1)
  the Lernaean hydra (Swamp:4)
  A golden dragon (Zig:11)
  Nikola (Vaults:3)
  Jory (Vaults:4)
  A bone dragon (Vaults:3)
  Arachne (Spider:3)
  4 tentacled monstrosities
  4 liches
  3 deep elf blademasters
  The ghost of Ecatez the Peltast, an adept HOMo of Beogh (Vaults:4)
  A titan (Vaults:5)
  3 quicksilver dragons
  7 acid blobs (Zig:15)
  2 deep elf master archers (Elf:3)
  Agnes (Spider:2)
  A shadow dragon (Depths:2)
  A tentacled starspawn (Abyss:3)
  2 storm dragons (Vaults:5)
  3 sphinxes
  The ghost of Baimagru the Severer, an adept DDFi of Trog (Spider:3)
  8 tengu reavers
  An azure jelly (Zig:15)
  A revenant (Zig:5)
  5 nagarajas (Zig:12)
  An azure jelly (shapeshifter) (Vaults:4)
  8 emperor scorpions
  3 orc warlords
  14 vault wardens
  2 frost giants
  8 deep elf sorcerers
  2 iron dragons
  3 fire giants
  6 ghost moths
  Aizul (Elf:3)
  A caustic shrike zombie (Zig:10)
  A cacodemon (Vaults:4)
  3 deep elf elementalists (Elf:3)
  11 ironheart preservers
  A curse skull (Zig:5)
  9 very ugly things
  9 entropy weavers
  9 stone giants
  Azrael (Spider:1)
  10 deep elf demonologists
  11 deep elf annihilators
  An eidolon (Vaults:3)
  4 fire dragons
  A crystal guardian (Vaults:2)
  3 mummy priests (Zig:10)
  7 deep elf death magi
  A death ooze (Zig:15)
  9 ettins
  Josephine (D:10)
  22 hydras
  6 deep elf high priests
  5 vault guards
  3 naga warriors (Zig:12)
  12 yaktaur captains
  A rakshasa (Depths:2)
  Harold (D:7)
  5 ice dragons
  4 ghost crabs
  8 great orbs of eyes
  4 shambling mangroves
  A caustic shrike simulacrum (Vaults:3)
  3 spriggan air magi
  Erica (D:9)
  14 alligators
  A catoblepas (D:11)
  2 anacondas (Zig:12)
  8 centaur warriors
  51 two-headed ogres
  30 dancing weapons
  3 death knights
  16 ogre magi
  A death scarab (Zig:10)
  4 deep troll earth magi
  An orc high priest (Elf:1)
  5 tengu warriors
  2 shock serpents (Zig:12)
  2 thrashing horrors (Abyss:3)
  6 deep troll shamans
  2 spriggan berserkers (Depths:3)
  A naga sharpshooter (Zig:12)
  Urug (Lair:3)
  2 sun demons (Depths:1)
  A fire crab (shapeshifter) (Elf:3)
  17 deep elf knights
  A salamander mystic (Zig:12)
  2 iron trolls
  6 skeletal warriors
  3 shadow wraiths
  5 wretched stars (Abyss:3)
  3 large abominations (Abyss:3)
  7 hell knights (Depths:2)
  A quicksilver dragon simulacrum (Vaults:3)
  4 spriggan druids
  A torturous demonspawn (Depths:1)
  14 swamp dragons
  22 deep trolls
  4 unseen horrors
  10 wizards
  A glowing orange brain (Depths:2)
  A glowing orange brain (shapeshifter) (D:14)
  4 flayed ghosts
  3 phantasmal warriors
  A gelid demonspawn (Depths:1)
  4 necromancers
  A golden dragon skeleton (Vaults:3)
  11 ironbrand convokers
  20 deep elf archers
  7 orc sorcerers
  3 harpies
  A mana viper (shapeshifter) (Elf:1)
  23 orc knights
  33 wolf spiders
  A shadow dragon skeleton (Vaults:3)
  A stone giant zombie (Vaults:5)
  22 orb spiders
  22 ugly things
  2 harpies (shapeshifter)
  2 oklob plants (Lair:3)
  2 manticores
  A faun (shapeshifter) (Depths:2)
  71 deep elf magi
  2 moths of wrath
  A shining eye (Zig:8)
  A cyclops (shapeshifter) (Zig:3)
  A tengu skeleton (Vaults:3)
  9 cyclopes
  An ice statue (Lair:3)
  10 vault sentinels
  2 guardian serpents (Zig:12)
  3 torpor snails
  11 elephants
  Maurice (D:9)
  A centaur zombie (D:15)
  4 black mambas
  Joseph (D:7)
  A smoke demon (Depths:1)
  Psyche (D:11)
  3 naga magi
  2 gargoyles
  The ghost of oberejnoburuli the Ducker, a novice OpMo (D:6)
  55 yaktaurs
  A kobold demonologist (D:11)
  An efreet (D:12)
  17 spiny frogs
  4 rime drakes
  A tormentor (Depths:1)
  15 demonic crawlers
  10 freezing wraiths
  A hellwing (Depths:1)
  2 guardian mummies (Zig:10)
  A human skeleton (Vaults:5)
  9 komodo dragons
  13 polar bears
  2 tengu conjurers
  39 jumping spiders
  A troll (shapeshifter) (D:14)
  9 tyrant leeches
  25 hornets
  11 trolls
  A hornet (shapeshifter) (Vaults:3)
  2 jumping spiders (shapeshifter)
  A meliai (shapeshifter) (Depths:1)
  2 raiju (Abyss:3)
  4 blink frogs
  A harpy skeleton (D:15)
  A meliai zombie (D:15)
  10 hippogriffs
  43 slime creatures
  A raiju (shapeshifter) (Elf:2)
  A stone giant simulacrum (Abyss:3)
  A slime creature (shapeshifter) (Zig:11)
  16 bog bodies
  An elf skeleton (Vaults:5)
  92 redbacks
  2 shadows
  3 air elementals
  2 flying skulls (Zig:10)
  6 wraiths
  8 water elementals
  5 wyverns
  8 spriggans
  A spriggan (shapeshifter) (Vaults:2)
  6 fire elementals
  23 tarantellas
  A neqoxec (Abyss:3)
  39 yaks
  7 basilisks
  A human (shapeshifter) (Vaults:3)
  7 golden eyes
  22 vampire mosquitoes
  4 hungry ghosts
  6 steam dragons
  A human zombie (Zig:10)
  A swamp worm (shapeshifter) (Vaults:1)
  Menkaure (D:7)
  13 wargs
  8 swamp worms
  3 acid dragons
  13 insubstantial wisps
  10 water moccasins
  20 hell hounds
  2 small abominations
  Duvessa (D:7)
  7 ice beasts
  7 porcupines
  4 sky beasts
  32 orc warriors
  20 swamp drakes
  12 black bears
  5 phantoms
  A sky beast (shapeshifter) (Vaults:4)
  50 ogres
  An eye of draining (Zig:1)
  An ogre (shapeshifter) (Vaults:4)
  20 wolves
  3 necrophages
  12 boggarts
  A crocodile (shapeshifter) (Vaults:2)
  2 elf simulacra
  17 crocodiles
  18 centaurs
  A big kobold (D:10)
  Blork the orc (D:4)
  3 earth elementals
  9 bullfrogs
  A water moccasin zombie (D:10)
  Dowan (D:7)
  2 wyvern skeletons
  2 scorpions
  A human simulacrum (Vaults:1)
  9 killer bees (D:11)
  A howler monkey (D:8)
  28 wights
  3 electric eels
  7 crimson imps
  A quasit (Abyss:3)
  A bullfrog zombie (D:8)
  5 centaur skeletons
  A gnoll shaman (D:6)
  24 orc wizards
  4 hounds
  8 jellies
  18 orc priests
  3 bullfrog skeletons
  7 iguanas
  9 worker ants
  Natasha (thrice) (D:4)
  A hound zombie (D:11)
  2 hound skeletons
  3 mummies
  2 worker ant zombies (D:11)
  2 howler monkey skeletons
  3 gnolls (D:6)
  21 adders
  6 shadow imps
  4 white imps
  2 worker ant simulacra (D:6)
  3 oozes
  2 adder skeletons
  A worm (D:2)
  A dart slug (D:1)
  6 leopard geckos
  84 orcs
  4 giant cockroaches
  19 goblins
  7 hobgoblins
  4 jackals (D:3)
  3 quokkas
  4 ball pythons
  13 bats
  2 frilled lizards
  11 kobolds
  A quokka simulacrum (D:6)
  A quokka skeleton (D:4)
  4 rats
  3 crawling corpses
  A fungus (Swamp:4)
  A macabre mass (Vaults:3)
  3 plants (Lair:6)
  A starspawn tentacle (Abyss:3)
  A withered plant (D:9)
2036 creatures vanquished.

Vanquished Creatures (collateral kills)
  3 juggernauts
  A caustic shrike (shapeshifter) (Zig:7)
  A Killer Klown (Zig:7)
  A golden dragon (Depths:2)
  2 tentacled monstrosities (Vaults:4)
  2 titans (Vaults:5)
  A quicksilver dragon (Vaults:5)
  A sphinx (Depths:2)
  2 storm dragons (Vaults:5)
  A shadow dragon (shapeshifter) (Zig:7)
  2 nagarajas (Zig:9)
  2 vault wardens (Vaults:5)
  An iron dragon (Vaults:5)
  4 frost giants
  4 orc warlords
  7 very ugly things
  A war gargoyle (Vaults:5)
  An entropy weaver (Zig:6)
  3 ironheart preservers
  4 stone giants
  2 ettins (Vaults:5)
  2 deep elf high priests (Vaults:5)
  2 yaktaur captains
  4 ogre magi
  A naga warrior (Zig:9)
  A centaur warrior (Vaults:2)
  25 vault guards
  2 anacondas (Zig:9)
  A catoblepas (shapeshifter) (Vaults:5)
  6 two-headed ogres
  3 orc high priests (Zig:14)
  3 shock serpents
  A large abomination (Vaults:5)
  A shadow wraith (Vaults:4)
  4 small abominations (Vaults:5)
  An iron troll (Zig:14)
  A glowing orange brain (Vaults:4)
  An obsidian statue (Vaults:3)
  4 ironbrand convokers
  4 orb spiders
  8 deep elf magi
  5 orc knights
  2 ugly things (Vaults:4)
  A mana viper (shapeshifter) (Vaults:4)
  A wolf spider (Vaults:3)
  3 orc sorcerers
  4 moths of wrath
  A cyclops (Zig:14)
  A vault sentinel (Vaults:5)
  An elephant (Lair:6)
  2 guardian serpents (Zig:9)
  A frost giant skeleton (Zig:10)
  A guardian serpent (shapeshifter) (Vaults:5)
  A torpor snail (Zig:6)
  An apocalypse crab (Zig:7)
  A water nymph (shapeshifter) (Zig:7)
  A naga mage (Zig:12)
  3 black mambas (Zig:9)
  2 demonic crawlers (Zig:4)
  3 yaktaurs
  A freezing wraith (Vaults:5)
  A guardian mummy (Zig:10)
  A jumping spider (Zig:6)
  A polar bear (shapeshifter) (Vaults:4)
  5 trolls
  A polar bear (Lair:3)
  A raiju (shapeshifter) (Vaults:5)
  A redback (Zig:4)
  A flying skull (Zig:10)
  3 tarantellas
  A yak (D:13)
  A warg (Vaults:4)
  2 nagas (Zig:9)
  A porcupine (shapeshifter) (Vaults:5)
  An ice beast (Lair:3)
  25 orc warriors
  An eye of draining (shapeshifter) (Vaults:4)
  12 ogres
  3 centaurs (Vaults:2)
  A scorpion (shapeshifter) (Vaults:4)
  4 orc priests
  A gnoll shaman (Zig:13)
  6 orc wizards
  6 mummies (Zig:10)
  An adder simulacrum (D:6)
  6 orcs
  An orc (shapeshifter) (Vaults:4)
  A macabre mass (Vaults:3)
246 creatures vanquished.

Vanquished Creatures (others)
  A quicksilver dragon (Zig:12)
  2 sphinxes
  A tentacled starspawn (Abyss:3)
  A shadow dragon (Vaults:5)
  A tengu reaver (Vaults:5)
  3 fire giants
  An orc warlord (Zig:14)
  2 ironheart preservers (Vaults:5)
  A vault warden (Vaults:5)
  A stone giant (Zig:11)
  2 very ugly things
  A deep elf annihilator (Vaults:5)
  A spark wasp (Zig:2)
  3 ettins (Vaults:5)
  3 vault guards
  A naga sharpshooter (Zig:9)
  An anaconda (Zig:9)
  A shambling mangrove (Swamp:4)
  A death scarab (Zig:10)
  A shock serpent (Zig:2)
  A mana viper (Zig:9)
  A swamp dragon (Swamp:4)
  A deep elf archer (Vaults:5)
  A deep elf mage (Vaults:4)
  A harpy (Vaults:2)
  An orc sorcerer (Zig:13)
  2 orb spiders (Spider:1)
  2 moths of wrath
  2 ugly things
  A guardian serpent (Zig:12)
  A vault sentinel (Vaults:5)
  A naga mage (Zig:12)
  A yaktaur (Vaults:3)
  2 guardian mummies (Zig:10)
  3 trolls
  4 hornets
  A blink frog (Swamp:3)
  A bog body (Swamp:4)
  2 flying skulls (Zig:10)
  A redback (Spider:3)
  A tarantella (Spider:4)
  2 spriggans (Swamp:3)
  A swamp worm (Swamp:4)
  A naga (Zig:12)
  6 orc warriors
  3 ogres
  An orc priest (Zig:14)
  An orc wizard (Vaults:3)
  3 mummies (Zig:10)
  A shadow imp (D:13)
  6 orcs
  A bush (Elf:2)
  8 fungi
  21 plants
  8 starspawn tentacles (Abyss:3)
123 creatures vanquished.

Grand Total: 2405 creatures vanquished

Notes
Turn   | Place    | Note
-------+----------+-------------------------------------------
     0 | D:1      | Johnny the Demigod Earth Elementalist began the quest for
                  | the Orb.
     0 | D:1      | Reached XP level 1. HP: 14/14 MP: 5/5
   407 | D:1      | Reached skill level 3 in Earth Magic
   407 | D:1      | Reached XP level 2. HP: 21/22 MP: 2/7
   998 | D:1      | Reached skill level 1 in Fighting
  1302 | D:2      | Reached XP level 3. HP: 18/28 MP: 6/8
  1305 | D:2      | Found a glowing silver altar of Zin.
  1519 | D:2      | Found a bloodstained altar of Trog.
  1731 | D:2      | Found an iron altar of Okawaru.
  2107 | D:3      | Found a transporter.
  2187 | D:3      | Reached XP level 4. HP: 31/35 MP: 8/10
  2543 | D:3      | Found a transporter.
  2970 | D:3      | Reached skill level 4 in Earth Magic
  2970 | D:3      | Reached XP level 5. HP: 41/41 MP: 11/11
  3160 | D:4      | Found Renug's Food Shop.
  3366 | D:4      | Noticed Natasha
  3370 | D:4      | Killed Natasha
  3389 | D:4      | Found a staircase to the Ecumenical Temple.
  3542 | D:4      | Reached XP level 6. HP: 28/48 MP: 4/13
  3708 | D:4      | Noticed Blork the orc
  3716 | D:4      | Killed Blork the orc
  3730 | D:4      | Found a shadowy altar of Dithmenos.
  3735 | D:4      | Reached skill level 5 in Earth Magic
  3772 | D:4      | Found a burning altar of Makhleb.
  3777 | D:4      | Reached XP level 7. HP: 56/56 MP: 7/15
  3822 | D:4      | Noticed Natasha
  3829 | D:4      | Killed Natasha
  3831 | D:4      | Noticed Natasha
  3837 | D:4      | Killed Natasha
  3924 | D:4      | Noticed a cacodemon
  3927 | D:4      | Noticed a hellwing
  3927 | D:4      | Noticed a neqoxec
  3941 | D:5      | Entered Level 5 of the Dungeon
  4186 | D:5      | Found Dewa's Food Shoppe.
  4236 | D:5      | Reached skill level 6 in Earth Magic
  4364 | D:5      | Reached XP level 8. HP: 17/66 MP: 14/17
  4836 | D:6      | Found a runed translucent gate.
  4837 | D:6      | Found a runed translucent gate.
  4861 | D:6      | Found a runed translucent gate.
  5207 | D:6      | Noticed oberejnoburuli's ghost (novice OpMo)
  5227 | D:6      | Found a hide-covered altar of Uskayaw.
  5228 | D:6      | Noticed a +0 hand axe
  5229 | D:6      | Noticed a +0 hand axe
  5694 | D:6      | Reached skill level 7 in Earth Magic
  5790 | D:6      | Learned a level 3 spell: Stone Arrow
  5796 | D:6      | Learned a level 5 spell: Lee's Rapid Deconstruction
  5801 | D:6      | Learned a level 4 spell: Petrify
  5978 | D:6      | Reached skill level 5 in Dodging
  5989 | D:6      | Killed oberejnoburuli's ghost
  6025 | D:6      | Reached XP level 9. HP: 41/73 MP: 0/20
  6193 | D:7      | Noticed Duvessa
  6193 | D:7      | Noticed Dowan
  6278 | D:7      | Got a faintly glowing hand axe
  6282 | D:7      | Identified the +5 hand axe of Dishonesty {freeze, rN+ Int+8
                  | Dex-2 SInv} (You found it on level 7 of the Dungeon)
  6342 | D:7      | Noticed Menkaure
  6346 | D:7      | Killed Menkaure
  6346 | D:7      | Reached skill level 5 in Spellcasting
  6357 | D:7      | Reached skill level 5 in Fighting
  6393 | D:7      | Killed Duvessa
  6393 | D:7      | Reached skill level 8 in Earth Magic
  6397 | D:7      | Killed Dowan
  6478 | D:7      | Noticed Joseph
  6481 | D:7      | Killed Joseph
  6780 | D:7      | Noticed Harold
  6789 | D:7      | Killed Harold
  6789 | D:7      | Reached skill level 9 in Earth Magic
  6921 | D:7      | Found a stormy altar of Qazlal.
  7041 | D:8      | Found a staircase to the Lair.
  7044 | D:8      | Reached XP level 10. HP: 79/83 MP: 10/22
  7101 | D:8      | Found Liahuzick's Antique Armour Emporium.
  7120 | D:8      | Bought a runed cloak for 157 gold pieces
  7277 | D:8      | Noticed a two-headed ogre
  7445 | D:8      | Killed a two-headed ogre
  7531 | D:8      | Found a sand-covered staircase.
  7697 | D:8      | Noticed a five-headed hydra
  7703 | D:8      | Killed a five-headed hydra
  7703 | D:8      | Reached skill level 10 in Earth Magic
  8385 | D:9      | Found Dayjaf's Jewellery Boutique.
  8599 | D:9      | Noticed Erica
  8602 | D:9      | Got a twitching jade ring
  8612 | D:9      | Killed Erica
  8806 | D:9      | Identified the ring of Fehiw {rC- Int+7 Stlth+} (You found
                  | it on level 9 of the Dungeon)
  8808 | D:9      | Noticed Maurice
  8837 | D:9      | Killed Maurice
  9208 | D:9      | Reached XP level 11. HP: 82/92 MP: 14/25
  9236 | D:9      | Found a staircase to the Orcish Mines.
  9615 | Orc:1    | Entered Level 1 of the Orcish Mines
  9644 | D:10     | Entered Level 10 of the Dungeon
  9993 | D:10     | Noticed a two-headed ogre
  9996 | D:10     | Killed a two-headed ogre
 10054 | D:10     | Reached skill level 11 in Earth Magic
 10330 | D:10     | Noticed an unseen horror
 10357 | D:10     | Killed an unseen horror
 10588 | D:10     | Found Isepid's Antique Weapon Shoppe.
 10743 | D:10     | Noticed Josephine
 10748 | D:10     | Killed Josephine
 10968 | D:11     | Noticed Psyche
 11295 | D:11     | Noticed a two-headed ogre
 11303 | D:11     | Killed a two-headed ogre
 11443 | D:11     | Killed Psyche
 11728 | D:11     | Found Duidoe's Distillery.
 11733 | D:11     | Bought a potion of heal wounds for 70 gold pieces
 11733 | D:11     | Bought a potion of curing for 42 gold pieces
 11733 | D:11     | Bought a potion of agility for 56 gold pieces
 11733 | D:11     | Bought a potion of heal wounds for 70 gold pieces
 11733 | D:11     | Bought a potion of curing for 42 gold pieces
 11733 | D:11     | Bought a potion of curing for 42 gold pieces
 11940 | D:11     | Reached skill level 12 in Earth Magic
 12115 | D:11     | Found a runed translucent door.
 12153 | D:11     | Found a runed translucent door.
 12154 | D:11     | Found a runed translucent door.
 12154 | D:11     | Noticed a catoblepas
 12193 | D:11     | Reached XP level 12. HP: 81/103 MP: 22/28
 12613 | D:11     | Killed a catoblepas
 12688 | D:11     | Found a runed translucent door.
 12690 | D:11     | Found a runed translucent door.
 12690 | D:11     | Found a runed translucent door.
 12976 | D:11     | Identified the +5 halberd of Drought {elec, +Rage rPois
                  | Str+3}
 14585 | D:13     | Found a gate to the Vaults.
 14610 | D:13     | You fall into a shaft and drop 2 floors!
 14610 | D:15     | Entered Level 15 of the Dungeon
 14658 | D:15     | Reached skill level 13 in Earth Magic
 15127 | D:13     | Found a burning altar of Makhleb.
 15130 | D:13     | Noticed a yaktaur captain
 15140 | D:13     | Killed a yaktaur captain
 15140 | D:13     | Reached XP level 13. HP: 111/111 MP: 3/30
 15951 | D:14     | Reached skill level 10 in Dodging
 16842 | D:15     | Reached skill level 10 in Fighting
 16972 | D:15     | Reached skill level 14 in Earth Magic
 17393 | D:15     | Found a staircase to the Depths.
 17419 | D:15     | Learned a level 2 spell: Blink
 17456 | D:15     | Found Otuageut's Magic Scroll Shoppe.
 17485 | D:15     | Bought a scroll of identify for 28 gold pieces
 17485 | D:15     | Bought a scroll of identify for 28 gold pieces
 17489 | D:15     | Bought a scroll of teleportation for 42 gold pieces
 17489 | D:15     | Bought a scroll of blinking for 105 gold pieces
 17907 | Lair:1   | Entered Level 1 of the Lair of Beasts
 19286 | Lair:2   | Found a hole to the Spider Nest.
 19923 | Lair:3   | Reached XP level 14. HP: 93/122 MP: 7/32
 20063 | Lair:3   | Noticed Urug
 20068 | Lair:3   | Killed Urug
 20192 | Lair:3   | Reached skill level 10 in Spellcasting
 22038 | Lair:4   | Reached skill level 15 in Earth Magic
 22171 | Lair:4   | Found a staircase to the Swamp.
 22557 | Swamp:1  | Entered Level 1 of the Swamp
 22655 | Lair:5   | Found a viscous altar of Jiyva.
 22656 | Lair:5   | Found a staircase to the Slime Pits.
 23729 | Lair:6   | Entered Level 6 of the Lair of Beasts
 26592 | Orc:2    | Entered Level 2 of the Orcish Mines
 26600 | Orc:2    | Found a staircase to the Elven Halls.
 27229 | Orc:2    | Reached XP level 15. HP: 130/130 MP: 16/34
 27397 | Orc:1    | Paralysed by an orc sorcerer for 4 turns
 27662 | Orc:2    | Reached skill level 16 in Earth Magic
 28302 | Orc:2    | Found Jeeptot's Jewellery Shop.
 28303 | Orc:2    | Found Qiucsen's Distillery.
 28315 | Orc:2    | Found Uzebril's Gadget Shoppe.
 28322 | Orc:2    | Bought a potion of magic for 96 gold pieces
 28322 | Orc:2    | Bought a potion of magic for 96 gold pieces
 28322 | Orc:2    | Bought a potion of curing for 36 gold pieces
 28322 | Orc:2    | Bought 2 potions of curing for 72 gold pieces
 28324 | Orc:2    | Found Ushriuq's Magic Scroll Shop.
 28333 | Orc:2    | Bought a scroll of identify for 34 gold pieces
 28333 | Orc:2    | Bought a scroll of identify for 34 gold pieces
 28333 | Orc:2    | Bought a scroll of teleportation for 51 gold pieces
 28333 | Orc:2    | Bought a scroll of blinking for 127 gold pieces
 28400 | Orc:2    | Bought a potion of mutation for 96 gold pieces
 28400 | Orc:2    | Bought a potion of flight for 36 gold pieces
 28400 | Orc:2    | Bought a potion of haste for 120 gold pieces
 28400 | Orc:2    | Bought a potion of haste for 120 gold pieces
 28400 | Orc:2    | Bought a potion of flight for 36 gold pieces
 28410 | Orc:2    | Bought a scroll of magic mapping for 59 gold pieces
 28410 | Orc:2    | Bought a scroll of magic mapping for 59 gold pieces
 28410 | Orc:2    | Bought a scroll of magic mapping for 59 gold pieces
 28737 | D:8      | Bought a glowing robe for 77 gold pieces
 28747 | D:8      | Bought a glowing robe for 77 gold pieces
 28845 | Elf:1    | Entered Level 1 of the Elven Halls
 29846 | Elf:1    | Found a runed translucent gate.
 29846 | Elf:1    | Found a runed translucent gate.
 29846 | Elf:1    | Found a runed translucent gate.
 29846 | Elf:1    | Found a runed translucent gate.
 29846 | Elf:1    | Found a runed translucent gate.
 29847 | Elf:1    | Found a runed translucent gate.
 29847 | Elf:1    | Noticed a shadow dragon
 29847 | Elf:1    | Noticed a shadow dragon
 30789 | Elf:2    | Reached XP level 16. HP: 131/141 MP: 1/36
 30987 | Elf:2    | Reached skill level 17 in Earth Magic
 31418 | Elf:2    | Found a huge runed translucent gate.
 31419 | Elf:2    | Found a huge runed translucent gate.
 31419 | Elf:2    | Found a huge runed translucent gate.
 31420 | Elf:2    | Found a huge runed translucent gate.
 31422 | Elf:2    | Found a huge runed translucent gate.
 31887 | Elf:2    | Noticed a deep elf blademaster
 31906 | Elf:2    | Killed a deep elf blademaster
 32951 | Elf:3    | Entered Level 3 of the Elven Halls
 32980 | Elf:3    | Noticed Aizul
 33534 | Elf:3    | Identified the cursed +1 war axe of Responsibility {holy,
                  | rF+ Str+3 Dex+3}
 33634 | Elf:3    | Identified the +1 robe of Paranoia {rCorr Int+5 SInv
                  | Stlth-}
 33689 | Elf:3    | Killed Aizul
 33968 | Elf:3    | Noticed a deep elf master archer
 33970 | Elf:3    | Noticed a deep elf master archer
 33985 | Elf:3    | Killed a deep elf master archer
 34001 | Elf:3    | Killed a deep elf master archer
 34002 | Elf:3    | Identified the +1 chain mail "Tioqois" {Str+3 Dex-5 Slay+2}
 34124 | Elf:3    | Noticed a deep elf blademaster
 34132 | Elf:3    | Killed a deep elf blademaster
 34261 | Elf:3    | Reached skill level 18 in Earth Magic
 34432 | Elf:3    | Reached XP level 17. HP: 150/150 MP: 14/38
 34437 | Elf:3    | Identified the cursed +1 robe "Onemeint" {*Contam rElec
                  | Int+2 Dex+4}
 34438 | Elf:3    | Cast into level 3 of the Abyss (a deep elf demonologist)
 34749 | Abyss:3  | Found a corrupted altar of Lugonu.
 35258 | Abyss:3  | Found a corrupted altar of Lugonu.
 35319 | Abyss:3  | Got an encrusted broad axe
 35686 | Elf:3    | Escaped the Abyss
 35749 | Elf:3    | Identified the cursed +0 scale mail of Too Many Cooks {rC+
                  | Dex+2}
 35749 | Elf:3    | Identified the ring "Rumnoila" {rPois MR+}
 35950 | Elf:3    | Identified the ring of the Greedy {Str+6 Stlth+}
 36115 | Elf:3    | Noticed a deep elf blademaster
 36119 | Elf:3    | Killed a deep elf blademaster
 36550 | Elf:3    | Identified the +6 broad axe of Overwhelming Force {venom,
                  | Int+2} (You found it on level 3 of the Abyss)
 36563 | Elf:3    | Learned a level 6 spell: Statue Form
 36587 | Elf:3    | Identified the cursed +1 war axe of Extremism {elec, rF++
                  | Str+4 Int-2}
 36740 | Elf:3    | Got a brightly glowing hunting sling
 36972 | Elf:3    | Got a crude steel amulet
 37000 | Elf:3    | Identified the amulet "Ateta" {Inacc rN+} (You found it on
                  | level 3 of the Elven Halls)
 37203 | Spider:1 | Entered Level 1 of the Spider Nest
 37610 | Spider:1 | Noticed Azrael
 38227 | Spider:1 | Killed Azrael
 38520 | Spider:1 | Identified the +12 hunting sling of Ruesun {velocity, rPois
                  | rF+++ Int-3 SInv} (You found it on level 3 of the Elven
                  | Halls)
 39062 | Spider:2 | Noticed Agnes
 39066 | Spider:2 | Killed Agnes
 39218 | Spider:2 | You fall into a shaft and drop 1 floor!
 39410 | Spider:3 | Reached skill level 19 in Earth Magic
 39941 | Spider:3 | Reached XP level 18. HP: 125/160 MP: 6/40
 40231 | Spider:3 | Found a large runed translucent door.
 40231 | Spider:3 | Found a large runed translucent door.
 40237 | Spider:3 | Noticed Baimagru's ghost (adept DDFi)
 40278 | Spider:3 | Noticed Mara
 40293 | Spider:3 | Killed Mara
 40523 | Spider:3 | Noticed Arachne
 40772 | Spider:3 | Killed Baimagru's ghost
 41025 | Spider:3 | Killed Arachne
 41731 | Spider:4 | Entered Level 4 of the Spider Nest
 45561 | Spider:4 | Got a gossamer rune of Zot
 46759 | Swamp:1  | Reached skill level 20 in Earth Magic
 47841 | Swamp:2  | Reached skill level 15 in Dodging
 48303 | Swamp:2  | Got a scorched leather armour
 49243 | Swamp:3  | Reached XP level 19. HP: 149/168 MP: 2/42
 49849 | Swamp:4  | Entered Level 4 of the Swamp
 51029 | Swamp:4  | Noticed the 27-headed Lernaean hydra
 51033 | Swamp:4  | Killed the 27-headed Lernaean hydra
 51089 | Swamp:4  | Got a decaying rune of Zot
 51686 | Depths:1 | Entered Level 1 of the Depths
 52550 | Depths:1 | Found a one-way gate leading to the halls of Pandemonium.
 53002 | Depths:1 | Found a gateway to Hell.
 53081 | Depths:1 | Reached skill level 21 in Earth Magic
 53200 | Depths:1 | Identified the +2 leather armour of Cynlirot {rPois} (You
                  | found it on level 2 of the Swamp)
 54583 | Depths:2 | Noticed a caustic shrike
 54785 | Depths:1 | Killed a caustic shrike
 54785 | Depths:1 | Reached XP level 20. HP: 176/176 MP: 19/44
 55118 | Depths:2 | Found a gateway to a ziggurat.
 55781 | Depths:2 | Reached skill level 15 in Spellcasting
 55908 | Depths:2 | Noticed a golden dragon
 55923 | Depths:2 | Killed a golden dragon
 56051 | Depths:2 | Learned a level 8 spell: Discord
 56110 | Depths:2 | Reached skill level 1 in Hexes
 56245 | Depths:2 | Identified the +10 morningstar "Zytu" {crush, rN+}
 56245 | Depths:2 | Identified the ring "Gauti" {rPois rC+ Dex+4 SInv}
 56793 | Vaults:1 | Entered Level 1 of the Vaults
 57208 | Vaults:1 | Reached skill level 5 in Hexes
 57312 | Vaults:1 | Found Juitz's Book Boutique.
 57347 | Vaults:1 | Found Goriasku's Antique Armour Emporium.
 57347 | Vaults:1 | Found Perimi's Assorted Antiques.
 57576 | Vaults:1 | Bought a scroll of fog for 58 gold pieces
 57576 | Vaults:1 | Bought a scroll of fog for 58 gold pieces
 57586 | Vaults:1 | Bought a pair of distressingly furry gloves for 342 gold
                  | pieces
 57587 | Vaults:1 | Identified the +2 pair of gloves of the Equator {-Tele
                  | Str+4 Int+2} (You bought it in a shop on level 1 of the
                  | Vaults)
 57596 | Vaults:1 | Found Baasots's Weapon Emporium.
 58336 | Vaults:1 | Found Buhafom's Gadget Emporium.
 59086 | Vaults:2 | Identified the Reference Book on the Mountains and the
                  | Glacier
 59571 | Vaults:2 | Noticed Saint Roka
 59599 | Vaults:2 | Killed Saint Roka
 59917 | Vaults:2 | Reached skill level 10 in Hexes
 60331 | Vaults:2 | Noticed Sojobo
 60337 | Vaults:2 | Killed Sojobo
 60522 | Vaults:2 | Noticed Frederick
 60544 | Vaults:2 | Killed Frederick
 60544 | Vaults:2 | Reached XP level 21. HP: 105/182 MP: 5/46
 61112 | Vaults:3 | Noticed Nikola
 61140 | Vaults:3 | Killed Nikola
 62150 | Vaults:3 | Identified the Volume of Enchantment
 62668 | Vaults:3 | Found a runed translucent gate.
 62668 | Vaults:3 | Found a runed translucent gate.
 62668 | Vaults:3 | Found a runed translucent gate.
 62669 | Vaults:3 | Found an opulent altar of Gozag.
 62669 | Vaults:3 | Noticed Ecihucs's ghost (adept GrEE)
 62953 | Vaults:3 | Killed Ecihucs's ghost
 62986 | Vaults:3 | Reached skill level 15 in Hexes
 63263 | Vaults:3 | Found Dehacaef's Antique Armour Emporium.
 63271 | Vaults:3 | Bought a runed cloak for 322 gold pieces
 63271 | Vaults:3 | Bought an opalescent robe for 245 gold pieces
 63271 | Vaults:3 | Bought a glowing scarf for 344 gold pieces
 63314 | Vaults:3 | Identified the +1 robe of the Bard {*Contam rPois Dex+2
                  | Slay+3} (You bought it in a shop on level 3 of the Vaults)
 63383 | Vaults:3 | Found a staircase to the Crypt.
 63674 | Vaults:3 | Identified Kikubaaqudgha's Handbook of Stolen Souls
 63682 | Vaults:3 | Learned a level 2 spell: Sublimation of Blood
 64018 | Vaults:2 | Reached skill level 1 in Necromancy
 64359 | Vaults:4 | Noticed Jory
 64380 | Vaults:4 | Killed Jory
 64645 | Vaults:4 | Reached XP level 22. HP: 190/190 MP: 25/47
 64834 | Vaults:4 | Found a runed translucent gate.
 64834 | Vaults:4 | Found a runed translucent gate.
 64834 | Vaults:4 | Found a runed translucent gate.
 65984 | Vaults:4 | Found a runed translucent gate.
 65984 | Vaults:4 | Found a runed translucent gate.
 65986 | Vaults:4 | Found a runed translucent gate.
 65991 | Vaults:4 | Identified a scroll of acquirement
 66010 | Vaults:4 | Noticed Ecatez's ghost (adept HOMo)
 66086 | Vaults:4 | Gained mutation: Scrolls take you a little longer to read.
                  | [a cacodemon]
 66131 | Vaults:4 | Killed Ecatez's ghost
 66466 | Vaults:4 | Gained mutation: You occasionally shout uncontrollably at
                  | your foes. [mutagenic glow]
 66471 | Vaults:4 | Lost mutation: You occasionally shout uncontrollably at
                  | your foes. [potion of mutation]
 66471 | Vaults:4 | Lost mutation: Scrolls take you a little longer to read.
                  | [potion of mutation]
 66471 | Vaults:4 | Gained mutation: You are agile. (Dex +2) [potion of
                  | mutation]
 66471 | Vaults:4 | Gained mutation: You are somewhat resistant to further
                  | mutation. [potion of mutation]
 66557 | Vaults:5 | Entered Level 5 of the Vaults
 66563 | Vaults:5 | Reached skill level 5 in Necromancy
 67608 | Vaults:5 | Reached skill level 1 in Armour
 67897 | Vaults:5 | Identified the ring "Gagorol" {Wiz rF+}
 68040 | Vaults:5 | Identified the +11 whip of Muonat {pain, Int+2 Dex+2}
 68040 | Vaults:5 | Identified the +2 leather armour "Runexid" {Dex+5 Slay+5
                  | Stlth+}
 68557 | Vaults:5 | Identified the +1 ring mail "Kopt" {+Blink rN+}
 69186 | Vaults:5 | Got a silver rune of Zot
 69963 | Zig:1    | Entered Level 1 of a ziggurat
 70086 | Zig:2    | Entered Level 2 of a ziggurat
 70162 | Zig:2    | Learned a level 5 spell: Borgnjor's Vile Clutch
 70197 | Zig:3    | Entered Level 3 of a ziggurat
 70206 | Zig:3    | Reached skill level 22 in Earth Magic
 70261 | Zig:4    | Entered Level 4 of a ziggurat
 70328 | Zig:4    | Learned a level 4 spell: Leda's Liquefaction
 70335 | Zig:4    | Learned a level 6 spell: Iron Shot
 70342 | Zig:4    | Learned a level 6 spell: Death Channel
 70393 | Zig:5    | Entered Level 5 of a ziggurat
 70405 | Zig:5    | Reached XP level 23. HP: 196/196 MP: 24/49
 70462 | Zig:5    | Identified the Handbook of Attacks
 70480 | Zig:5    | Reached XP level 24. HP: 205/205 MP: 45/49
 70494 | Zig:6    | Entered Level 6 of a ziggurat
 70554 | Zig:6    | Got a jasper-encrusted leather armour
 70556 | Zig:6    | Identified the +4 leather armour of Couzut {*Contam rN++
                  | Int+4} (You found it on level 6 of a ziggurat)
 70575 | Zig:7    | Entered Level 7 of a ziggurat
 70607 | Zig:7    | Noticed a Killer Klown
 70607 | Zig:7    | Noticed a Killer Klown
 70622 | Zig:7    | Killed a Killer Klown
 70661 | Zig:8    | Entered Level 8 of a ziggurat
 70892 | Zig:8    | Found the +12 Vampire's Tooth {vamp}
 70918 | Zig:9    | Entered Level 9 of a ziggurat
 71122 | Zig:9    | Identified the Compendium of Supportive Clay
 71163 | Zig:10   | Entered Level 10 of a ziggurat
 71201 | Zig:10   | Reached skill level 15 in Fighting
 71306 | Zig:10   | Reached XP level 25. HP: 115/214 MP: 38/49
 71440 | Zig:10   | Learned a level 9 spell: Shatter
 71446 | Zig:11   | Entered Level 11 of a ziggurat
 71560 | Zig:11   | Noticed an ancient lich
 71562 | Zig:11   | Found the ring of the Octopus King
 71562 | Zig:11   | Reached skill level 1 in Translocations
 71562 | Zig:11   | Killed an ancient lich
 71580 | Zig:11   | Identified the Handbook of the Earthen Arsonist
 71590 | Zig:11   | Identified Plog's Reference Book on the Glacier and Hexes
 71602 | Zig:11   | Got a ring of the Octopus King
 71608 | Zig:11   | Identified a ring of the Octopus King {AC+1 EV+1 Str+1
                  | Int+1 Dex+1 Stlth+} (You found it on level 11 of a
                  | ziggurat)
 71735 | Zig:12   | Entered Level 12 of a ziggurat
 71771 | Zig:12   | Identified the Compendium of Attacks
 71904 | Zig:13   | Entered Level 13 of a ziggurat
 71916 | Zig:13   | Noticed a juggernaut
 71930 | Zig:13   | Killed a juggernaut
 72071 | Zig:13   | Identified the Almanac of Dusty Ice
 72077 | Zig:13   | Got an ichor-stained trident
 72080 | Zig:13   | Identified the +4 trident of Wu Jian's Pride {pierce, Str+6
                  | Stlth+} (You found it on level 13 of a ziggurat)
 72086 | Zig:14   | Entered Level 14 of a ziggurat
 72108 | Zig:14   | Noticed a juggernaut
 72109 | Zig:14   | Noticed a juggernaut
 72109 | Zig:14   | Noticed a juggernaut
 72122 | Zig:14   | Killed a juggernaut
 72126 | Zig:14   | Killed a juggernaut
 72144 | Zig:14   | Killed a juggernaut
 72304 | Zig:14   | Identified the Almanac of Mutagenic Summoning
 72328 | Zig:14   | Learned a level 1 spell: Apportation
 72332 | Zig:14   | Got a slimy bone ring
 72333 | Zig:14   | Identified the ring "Jalag" {rF+ Str+2} (You found it on
                  | level 14 of a ziggurat)
 72426 | Zig:15   | Entered Level 15 of a ziggurat
 72493 | Zig:15   | HP: 10/216 [azure jelly (3)]
 72493 | Zig:15   | Mangled by an acid blob

Levels and vault maps discovered:
D:1:      minmay_arrival_doors, layout_basic, minmay_pentomino_t2
D:2:      layout_loops_ring, lemuel_doored_altar, lemuel_crystal_altar,
          old_standard_altar
D:3:      gammafunk_wand_slinger, layout_loops_ring
D:4:      layout_rooms, makhleb_altar_promises_db, minmay_temple_entry_wispy,
          serial_shops, nicolae_shop_temple_entry_statues_fountains,
          first_ration, minmay_misc_feat_tiny, grunt_dithmenos_shadows,
          uniq_blork_the_orc, uniq_natasha, uniq_robin
D:5:      layout_loops_ring, serial_shops, shop, minmay_fractal_squares_5
D:6:      layout_loops_ring, dancing_weapons_uskayaw,
          nicolae_overflow_hidden_temple, gammafunk_ghost_icy
D:7:      layout_basic, nicolae_qazlal_general_emergency, uniq_harold,
          uniq_menkaure, uniq_duvessa, uniq_joseph
D:8:      layout_layer_cave, lair_entry_dummy, serial_shops, shop,
          chequers_ossuary_entry_cave, hangedman_decor_diamond_cutter,
          grunt_ogre_cave
D:9:      layout_loops_corners, orc_0_dummy, serial_undead, serial_undead_c,
          serial_undead_b, serial_undead_b, serial_undead_f, serial_shops, shop,
          uniq_maurice, uniq_erica
D:10:     layout_basic, serial_shops, nicolae_shop_behind_doors, uniq_josephine
D:11:     minmay_the_grid_triangle_9x9_rhombus_full
          [minmay_the_grid_triangle_9x9_zippers_vertical,
          minmay_the_grid_triangle_9x9_fully_insulated_deathbox,
          minmay_the_grid_triangle_9x9_subtriangle,
          minmay_the_grid_triangle_9x9_tough_junction,
          minmay_the_grid_triangle_9x9_minimal,
          minmay_the_grid_triangle_9x9_windchime,
          minmay_the_grid_triangle_9x9_intruding_spiral,
          minmay_the_grid_triangle_9x9_prize_schism], layout_basic,
          serial_shops, nicolae_shop_statue_plus, minmay_misc_feat_enclosed,
          uniq_psyche
D:12:     layout_basic, minivault_11, grunt_tough_drop
D:13:     layout_loops_cross, david_vaults_2, basic_altar
D:14:     layout_basic
D:15:     grunt_enter_depths_magical_seal, layout_cave_pools, serial_shops,
          nicolae_shop_trees, minmay_misc_feat_rows
Lair:1:   layout_cave_pods, minmay_holes, st_stairs_12,
          chequers_serial_rivers_large_a, serial_bayou_pond_c
Lair:2:   layout_long_grid, nicolae_spider_entry_orb_guardian
Lair:3:   minmay_lair_venomous_thicket, layout_long_grid, ice2_lemuel,
          minmay_lair_oklob_chamber, uniq_urug
Lair:4:   layout_cave_pods, palyth_hydra_swamp_entry, infiniplex_staircase_pool
Lair:5:   layout_small_grid, slime_altar_1
Lair:6:   hangedman_lair_caniforms_friends, layout_long_grid,
          guppyfry_lair_end_dragon
Swamp:1:  layout_basic_swamp, evilmike_swamp_ruin_house_3
Swamp:2:  layout_falls_marsh, hangedman_swamp_diagram, swamp_pool1
Swamp:3:  layout_basic_swamp, evilmike_swamp_ruin_house_6
Swamp:4:  grunt_swamp_rune_castle, layout_basic_swamp
Spider:1: layout_spider_delve, drop_trap, uniq_azrael
Spider:2: layout_spider_delve, hangedman_spider_tarantella_strand, uniq_agnes
Spider:3: layout_spider_delve, ebering_ghost_disaster_area, hive_lemuel,
          uniq_mara, uniq_arachne
Spider:4: grunt_spider_rune_circles, portal_ice_cave_entry_pillars_2, drop_trap
Orc:1:    layout_caves
Orc:2:    st_orc_open, layout_diamond_mine
Elf:1:    minmay_elf_arrival_summoners, layout_geoelf_octagon, orc_legates
Elf:2:    layout_geoelf_octagon, serial_sigils_hangedman_confine
Elf:3:    grunt_elf_hall_branching, layout_rooms, uniq_aizul
Vaults:1: v_rooms_1, vaults_mumra_hex, hangedman_vaults_hat,
          nicolae_vaults_three_branches, nicolae_vaults_little_ls,
          vaults_room_grunt_arrival_ludios, vaults_dpeg_hooks,
          nicolae_vaults_yaktaur_gun_rack, hangedman_vaults_hard_town_square,
          layout_vaults_omnigrid, serial_shops, nicolae_shop_stone, shop
Vaults:2: hangedman_vaults_trim, v_misc_24, nicolae_vaults_little_squares_3,
          hangedman_vaults_corner, grunt_vaults_hallway_short, v_pattern_1,
          grunt_vaults_twisty, vaults_mumra_hexcomb,
          nicolae_vaults_display_case, nicolae_vaults_network_square, v_misc_22,
          v_misc_13, layout_vaults_maze, uniq_sojobo, uniq_saint_roka,
          uniq_frederick
Vaults:3: ebering_vaults_ghost_gozag, nicolae_vaults_mini_display_case,
          vaults_room_boxed, hangedman_vaults_trim,
          nicolae_vaults_ninety_degrees, ontoclasm_vaults_fault,
          vaults_room_corners, blue_anna_dwarven_crypt, v_misc_17, v_misc_9,
          layout_vaults_big_room, serial_hangedman_research,
          hangedman_research_probablistics, hangedman_research_thanatology,
          serial_shops, shop, uniq_nikola
Vaults:4: ploomutoo_gammafunk_vaults_ghost_potion_laboratory,
          vaults_mumra_minichess_inversion,
          vaults_standard_mumra_enter_the_diamond, hangedman_vaults_stagger,
          vaults_mumra_chevron_long, v_misc_10, vaults_room_pool,
          vaults_room_ringed_pool, ontoclasm_vaults_gateway, vaults_room_pool,
          nicolae_vaults_little_squares_6, ontoclasm_vaults_chip,
          layout_vaults_omnicross, uniq_jory
Vaults:5: serial_shops
Depths:1: layout_basic, rand_demon_pan_entry_9, chequers_serial_rivers_micro_e,
          hell_entry, st_stairs_9, kennysheep_underground_church,
          serial_bayou_shore_a, serial_bayou_shore_b
Depths:2: kennysheep_large_spiral, layout_cave_pools, enter_ziggurat_b,
          hell_entry, serial_bayou_pond_b, st_stairs_7, kennysheep_cross_landing
Depths:3: minmay_glassy_protrusions, layout_honeycomb, nicolae_benzene_ring,
          hell_entry, serial_shops, shop, kennysheep_mini_moat, kennysheep_mini,
          nicolae_shop_waterfront, nicolae_shop_trees, pan_entry,
          minmay_door_square, onia_ninara_dug_in_and_dangerous
Zig:15

Skill      XL: |  1  2  3  4  5  6  7  8  9 10 11 12 13 14 15 16 17 18 19 20 21 22 23 24 25 |
---------------+----------------------------------------------------------------------------+-----
Earth Magic    | 3 4 5 6 7 9 10 12 13 14 15 16 18 19 20 21 22 | 22.9
Dodging        | 2 3 4 5 6 7 8 9 10 11 12 13 14 15 16 | 16.7
Spellcasting   | 2 3 4 5 6 7 9 10 11 12 13 14 15 16 | 16.9
Fighting       | 1 2 3 4 6 7 8 9 10 11 12 13 14 15 16 | 16.3
Hexes          | 11 15 16 | 16.3
Necromancy     | 2 6 |  6.4
Armour         | 3 4 |  4.7
Translocations | 4 |  4.4
Stealth        | |  1.7
Transmutations | |  0.8

Action                   |  1- 3 |  4- 6 |  7- 9 | 10-12 | 13-15 | 16-18 | 19-21 | 22-24 | 25-27 || total
-------------------------+-------+-------+-------+-------+-------+-------+-------+-------+-------++-------
Melee: Unarmed           |    10 |       |       |       |       |       |       |       |       ||    10
       Club              |   102 |    82 |    23 |       |       |       |       |       |       ||   207
       Dagger            |       |       |    52 |       |       |       |       |       |       ||    52
       Whip              |       |       |    37 |       |       |       |       |       |       ||    37
       Hand axe          |       |       |    25 |   298 |   480 |   254 |   521 |   213 |    16 ||  1807
Throw: Stone             |       |       |       |     1 |     1 |     3 |     3 |       |       ||     8
 Cast: Sandblast         |    43 |    76 |    75 |    70 |   273 |   458 |   254 |    24 |     2 ||  1275
       Lee's Rapid Decon |       |       |    21 |   109 |   221 |   419 |   416 |   117 |     1 ||  1304
       Petrify           |       |       |     1 |     6 |    35 |    48 |    23 |     4 |     1 ||   118
       Stone Arrow       |       |       |       |    33 |   172 |   171 |   200 |   100 |     1 ||   677
       Blink             |       |       |       |       |     5 |    52 |    33 |    19 |     2 ||   111
       Statue Form       |       |       |       |       |       |     7 |    97 |    37 |       ||   141
       Discord           |       |       |       |       |       |       |     9 |    44 |    11 ||    64
       Death Channel     |       |       |       |       |       |       |       |     6 |     2 ||     8
       Borgnjor's Vile C |       |       |       |       |       |       |       |     3 |       ||     3
       Shatter           |       |       |       |       |       |       |       |       |    24 ||    24
       Sublimation of Bl |       |       |       |       |       |       |       |       |     7 ||     7
       Iron Shot         |       |       |       |       |       |       |       |       |     1 ||     1
 Abil: End Transformatio |       |       |       |       |       |       |       |     2 |       ||     2
Evoke: Wand              |       |     1 |    12 |    22 |    50 |    36 |    21 |     3 |       ||   145
       Sack of spiders   |       |       |       |       |     6 |       |       |     5 |       ||    11
       Lightning rod     |       |       |       |       |     7 |    26 |     8 |     8 |       ||    49
       Lamp of fire      |       |       |       |       |       |     2 |     8 |     3 |       ||    13
  Use: Potion            |       |     1 |     3 |       |    10 |    32 |    10 |    18 |     8 ||    82
       Scroll            |       |       |     8 |     7 |    18 |    26 |    19 |    18 |    11 ||   107
 Stab: Sleeping          |     3 |     8 |     2 |     7 |     6 |     1 |       |       |       ||    27
       Paralysed         |       |       |       |    19 |       |       |       |       |       ||    19
       Petrified         |       |       |       |     3 |       |       |     5 |       |       ||     8
       Distracted        |       |       |       |       |     2 |       |       |     2 |       ||     4
  Eat: Chunk             |     4 |     6 |     5 |    18 |    34 |     6 |    19 |     2 |       ||    94
       Ration            |       |       |     3 |     5 |     5 |    15 |    12 |    10 |     2 ||    52
Armor: Robe              |    32 |    22 |    19 |       |       |       |       |       |     4 ||    77
       Skin              |       |       |    11 |       |       |   202 |   652 |   323 |       ||  1188
       Leather armour    |       |       |     5 |    81 |     4 |       |       |       |       ||    90
       Troll leather arm |       |       |       |       |   284 |   207 |    23 |    23 |     2 ||   539
Dodge: Dodged            |   133 |    89 |   176 |   323 |  1068 |  2238 |  3109 |  1255 |    44 ||  8435

Table legend:
 A = Non-vault XP
 B = Vault XP
 C = Vault XP percentage of total XP
 D = Non-vault monster count
 E = Vault monster count
 F = Vault count percentage of total count
                 A         B        C        D         E       F
            +---------+---------+-------+---------+---------+-------
      Total |  629661 |  498255 |  44.2 |    1582 |     733 |  31.7
            +---------+---------+-------+---------+---------+-------
        D:1 |      42 |       2 |   4.5 |      24 |       1 |   4.0
        D:2 |      28 |       0 |   0.0 |      11 |       0 |   0.0
        D:3 |     140 |      74 |  34.6 |      34 |       4 |  10.5
        D:4 |     397 |     269 |  40.4 |      17 |      10 |  37.0
        D:5 |     609 |     202 |  24.9 |      11 |       3 |  21.4
        D:6 |     765 |     832 |  52.1 |      23 |      10 |  30.3
        D:7 |    1148 |    1821 |  61.3 |      25 |       5 |  16.7
        D:8 |    3558 |     121 |   3.3 |      28 |       1 |   3.4
        D:9 |    1311 |    1879 |  58.9 |      21 |      11 |  34.4
       D:10 |    5424 |    1687 |  23.7 |      32 |       4 |  11.1
       D:11 |    5588 |    6496 |  53.8 |      38 |      27 |  41.5
       D:12 |    4033 |       0 |   0.0 |      25 |       0 |   0.0
       D:13 |    8246 |    1726 |  17.3 |      39 |       3 |   7.1
       D:14 |    6648 |       0 |   0.0 |      20 |       0 |   0.0
       D:15 |   11191 |    4159 |  27.1 |      27 |       9 |  25.0
     Lair:1 |    2415 |     363 |  13.1 |      15 |       1 |   6.2
     Lair:2 |    5392 |     556 |   9.3 |      17 |       1 |   5.6
     Lair:3 |    5585 |    6417 |  53.5 |      18 |      28 |  60.9
     Lair:4 |    5642 |    2093 |  27.1 |      20 |       4 |  16.7
     Lair:5 |    5144 |       0 |   0.0 |      15 |       0 |   0.0
     Lair:6 |    6802 |   14316 |  67.8 |      22 |      72 |  76.6
    Swamp:1 |    9637 |       0 |   0.0 |      23 |       0 |   0.0
    Swamp:2 |   19633 |       0 |   0.0 |      63 |       0 |   0.0
    Swamp:3 |   15853 |       0 |   0.0 |      38 |       0 |   0.0
    Swamp:4 |    8342 |   21817 |  72.3 |      13 |      35 |  72.9
   Spider:1 |   11583 |    2707 |  18.9 |      30 |       9 |  23.1
   Spider:2 |   12726 |    2495 |  16.4 |      38 |       2 |   5.0
   Spider:3 |   28220 |   13554 |  32.4 |      72 |       3 |   4.0
   Spider:4 |   21157 |   25575 |  54.7 |      61 |      38 |  38.4
      Orc:1 |    2062 |       0 |   0.0 |      18 |       0 |   0.0
      Orc:2 |    3448 |   16161 |  82.4 |      22 |      38 |  63.3
      Elf:1 |   12985 |   13516 |  51.0 |      18 |      29 |  61.7
      Elf:2 |   21376 |   23597 |  52.5 |      31 |      29 |  48.3
      Elf:3 |   24116 |   46386 |  65.8 |      39 |      31 |  44.3
   Vaults:1 |   13897 |   20899 |  60.1 |      24 |      34 |  58.6
   Vaults:2 |   27230 |   54923 |  66.9 |      67 |      63 |  48.5
   Vaults:3 |   48395 |   54090 |  52.8 |      87 |      64 |  42.4
   Vaults:4 |   21701 |   37710 |  63.5 |      59 |      43 |  42.2
   Vaults:5 |   25590 |   82670 |  76.4 |      66 |      89 |  57.4
   Depths:1 |   24057 |   18137 |  43.0 |      45 |      16 |  26.2
   Depths:2 |   42440 |   21005 |  33.1 |      53 |      16 |  23.2
   Depths:3 |    4773 |       0 |   0.0 |       7 |       0 |   0.0
    Abyss:3 |   12297 |       0 |   0.0 |      25 |       0 |   0.0
      Zig:1 |     389 |       0 |   0.0 |       2 |       0 |   0.0
      Zig:2 |    1262 |       0 |   0.0 |       3 |       0 |   0.0
      Zig:3 |    3288 |       0 |   0.0 |       3 |       0 |   0.0
      Zig:4 |    2253 |       0 |   0.0 |       6 |       0 |   0.0
      Zig:5 |    7547 |       0 |   0.0 |       5 |       0 |   0.0
      Zig:6 |    3194 |       0 |   0.0 |      10 |       0 |   0.0
      Zig:7 |    6699 |       0 |   0.0 |       5 |       0 |   0.0
      Zig:8 |     729 |       0 |   0.0 |       2 |       0 |   0.0
      Zig:9 |    5437 |       0 |   0.0 |      16 |       0 |   0.0
     Zig:10 |    7632 |       0 |   0.0 |      24 |       0 |   0.0
     Zig:11 |   22812 |       0 |   0.0 |      16 |       0 |   0.0
     Zig:12 |   16755 |       0 |   0.0 |      24 |       0 |   0.0
     Zig:13 |   16362 |       0 |   0.0 |      36 |       0 |   0.0
     Zig:14 |   22026 |       0 |   0.0 |      36 |       0 |   0.0
     Zig:15 |   21650 |       0 |   0.0 |      13 |       0 |   0.0
            +---------+---------+-------+---------+---------+-------
